 Dungeon Crawl Stone Soup version 0.29-a0-557-g43b9904bd1 (webtiles) character file.

Game seed: 11403392590757807604

53 Hubjo the Insei (level 3, 0/27 HPs)
             Began as a Demonspawn Transmuter on June 8, 2022.
             Slain by a goblin
             ... wielding a +0 dagger
              (3 damage)
             ... on level 2 of the Dungeon.
             The game lasted 00:01:58 (1346 turns).

Hubjo the Insei (Demonspawn Transmuter)             Turns: 1346, Time: 00:01:59

Health: 0/27       AC:  2    Str: 10    XL:     3   Next: 64%
Magic:  6/6        EV: 12    Int: 18    God:
Gold:   11         SH:  0    Dex: 15    Spells: 5/6 levels left

rFire   + . .      SeeInvis .     - Unarmed
rCold   . . .      Faith    .   (no shield)
rNeg    . . .      Spirit   .   a - +0 robe
rPois   .          Reflect  .   (helmet currently unavailable)
rElec   .          Harm     .   (no cloak)
rCorr   .          Rampage  .   (no gloves)
Will    .....                   (boots currently unavailable)
Stlth   ++........              (no amulet)
HPRegen 0.09/turn               f - ring of protection from fire
MPRegen 0.10/turn               (no ring)

@: appendages
A: horns 2, talons 2, big brain 2
a: End Transformation


You were on level 2 of the Dungeon.
You had temporarily grown beastly horns and talons.
You visited 1 branch of the dungeon, and saw 2 of its levels.

You collected 11 gold pieces.

Inventory:

Armour
 a - a +0 robe (worn)
Jewellery
 f - a ring of protection from fire (left hand)
Scrolls
 c - a scroll of noise {unknown}
 d - a scroll of blinking
 i - a scroll of identify {unknown}
Potions
 b - 2 potions of lignification
 e - a potion of haste {unknown}
 g - 2 potions of heal wounds {unknown}
 h - 2 potions of curing {unknown}


   Skills:
 + Level 2.1 Fighting
 - Level 1.7 Dodging
 + Level 1.0 Stealth
 + Level 3.0 Unarmed Combat
 + Level 2.3 Spellcasting
 * Level 2.2 Transmutations


You had 5 spell levels left.
You knew the following spells:

 Your Spells              Type           Power      Damage    Failure   Level
a - Beastly Appendage     Tmut           20%        N/A       7%          1

Your spell library contained the following spells:

 Spells                   Type           Power      Damage    Failure   Level
 Wereblood                Tmut           10%        N/A       11%         2
 Spider Form              Tmut/Pois      6%         N/A       32%         3
 Ice Form                 Ice/Tmut       6%         N/A       73%         4
 Olgreb's Toxic Radiance  Pois           2%         N/A       86%         4
 Ozocubu's Refrigeration  Ice            1%         4d5       100%        7
 Ignition                 Fire           1%         3d3       100%        8


Dungeon Overview and Level Annotations

Branches:
Dungeon (2/15)

Altars:

Shops:
D:2 (


Innate Abilities, Weirdness & Mutations

You have temporarily grown beastly horns and talons.
You have an extremely huge brain. (Int +4)


Message History

Things that are here:
a giant cockroach corpse; a frilled lizard corpse; a giant cockroach corpse The orc hits you but does no damage.
Things that are here:
a +0 dagger; a giant cockroach corpse; a giant cockroach corpse The orc attacks as you move away!
The orc closely misses you.
There is an entrance to Bymis's Weapon Shop here.
Things that are here:
a giant cockroach corpse; a giant cockroach corpse
Found a stone staircase leading up.
Casting: Beastly Appendage (safe; 7% risk of failure)
Confirm with . or Enter, or press ? or * to list all spells.
You grow a pair of large bovine horns.
Your feet morph into talons.
The orc barely misses you.
You hit the orc but do no damage. You claw the orc.
Your headbutt misses the orc.
The orc is lightly wounded.
The orc closely misses you.
You hit the orc. You claw the orc.
You kill the orc!
The orc hits you but does no damage.
You see here a +0 club.
You closely miss the orc. You claw the orc. Your headbutt misses the orc.
The orc is moderately wounded.
The orc barely misses you.
You closely miss the orc. You claw the orc.
You kill the orc!
The goblin shoots a sling bullet.
The sling bullet hits you.
* * * LOW HITPOINT WARNING * * *
You see here a +0 morningstar.
The goblin shoots a sling bullet.
The sling bullet misses you.
The goblin unwields a +0 hunting sling.
The goblin wields a +0 dagger.
The goblin misses you.
You hit the goblin.
The goblin is heavily wounded.
The goblin closely misses you.
You closely miss the goblin. Your kick misses the goblin.
The goblin is heavily wounded.
The goblin hits you with a +0 dagger.
You die...

###..# ..#..# #<#..## #.#...
.# #. #.#..## . #.# ####
#)#.#.# . ##.. ..# #)#...###
.# ... #.# #.@g.##.####.# .
#.###.####.#####...#....:.#..#
...........# #.#.#.#....g.#
#...##..####.#..∩)†..#
#............###.#)..#
#.......###### #.#.###
##<####.# #..$# #.####.# ###.#
#......# ...


You could see a goblin.

Vanquished Creatures
  A gnoll (D:1)
  3 orcs (D:2)
  2 ball pythons
  An endoplasm (D:1)
  12 giant cockroaches
  A goblin (D:2)
  2 hobgoblins (D:1)
  2 jackals (D:1)
  3 kobolds (D:1)
  3 bats (D:1)
  4 frilled lizards
  3 rats (D:1)
37 creatures vanquished.

Notes
Turn   | Place    | Note
-------+----------+-------------------------------------------
     0 | D:1      | Hubjo the Demonspawn Transmuter began the quest for the
                  | Orb.
     0 | D:1      | Reached XP level 1. HP: 15/15 MP: 3/3
   311 | D:1      | Gained mutation: You have an unusually large brain. (Int
                  | +2) [demonic ancestry]
   311 | D:1      | Reached XP level 2. HP: 20/21 MP: 3/5
   367 | D:1      | Found a faded altar of an unknown god.
  1029 | D:1      | Gained mutation: You have an extremely huge brain. (Int +4)
                  | [demonic ancestry]
  1029 | D:1      | Reached XP level 3. HP: 26/27 MP: 4/6
  1264 | D:2      | Found Bymis's Weapon Shop.
  1319 | D:2      | Reached skill level 3 in Unarmed Combat
  1320 | D:2      | Reached skill level 1 in Stealth
  1346 | D:2      | Slain by a goblin

Illustrated notes

Levels and vault maps discovered:
D:1:      dpeg_arrival_rhombus, layout_loops_corners,
          hellmonk_ecumenical_altar_blasted
D:2:      minmay_roachtagon, layout_loops_cross, serial_shops,
          nicolae_square_shop, nicolae_shop_crystal, minmay_pentomino_s2

Skill      XL: |  1  2  3 |
---------------+----------+-----
Transmutations | 2 |  2.2
Fighting       | 2 |  2.1
Unarmed Combat | 3 |  3.0
Stealth        | 1 |  1.0
Dodging        | |  1.7
Spellcasting   | |  2.3

Action                   || total
-------------------------++-------
Melee: Unarmed           ||   103
       Kick              ||    28
       Headbutt          ||    11
       Punch             ||     1
 Cast: Beastly Appendage ||    17
  Use: Scroll            ||     1
 Stab: Sleeping          ||     2
Armor: Robe              ||    25
Dodge: Dodged            ||    71

Table legend: (Time is in decaauts)
 A = Elapsed time spent in this place.
 B = Non-inter-level travel time spent in this place.
 C = Inter-level travel time spent in this place.
 D = Time resting spent in this place.
 E = Time spent auto-exploring this place.
 F = Levels seen in this place.
 G = Mean time per level.
                   A        B        C        D        E       F      G
               +--------+--------+--------+--------+--------+-----+--------+
         Total |   1339 |   1339 |      0 |      0 |   1106 |   2 |  669.5 |
       Dungeon |   1339 |   1339 |      0 |      0 |   1106 |   2 |  669.5 |
               +--------+--------+--------+--------+--------+-----+--------+

Top non-repeatable levels by time:
     D:1: 1239 daAuts
     D:2: 99 daAuts
